 Dungeon Crawl Stone Soup version 0.19.1-1-g22dce08 (webtiles) character file.

249694 dngmouse the Slayer (level 19, -41/214 HPs)
             Began as a Minotaur Fighter on Jan 16, 2017.
             Was a High Priest of Okawaru.
             Killed from afar by an ancient lich (66 damage)
             ... with a bolt of cold
             ... on level 2 of the Abyss.
             The game lasted 02:48:41 (34836 turns).

dngmouse the Slayer (Minotaur Fighter)             Turns: 34836, Time: 02:48:41

Health: -41/214    AC: 37    Str: 26    XL:     19   Next: 61%
Magic:  26/30      EV: 31    Int:  8    God:    Okawaru [*****.]
Gold:   1304       SH:  0    Dex: 27    Spells: 0 memorised, 18 levels left

rFire  + . .     SeeInvis +     J - +2 executioner's axe (vamp)
rCold  . . .     Gourm    +     j - +4 plate armour {rF+}
rNeg   . . .     Faith    .     (shield currently unavailable)
rPois  .         Spirit   .     u - +1 hat {SInv}
rElec  .         Reflect  .     K - +2 cloak of the Gardener {Str+2 Int+3 Dex+3}
rCorr  .         Harm     .     v - +2 pair of gloves {archery}
MR     +....     Rnd*Rage +     b - +2 pair of boots {Fly}
Stlth  ..........               C - amulet of the gourmand
                                g - +4 ring of dexterity
                                a - +4 ring of evasion

@: agile, exhausted, about to teleport, heroism, finesse, flying, slowed, very
slow
A: retaliatory headbutt, beak, horns 2, yellow scales 1, berserk 1, robust 1
a: Heroism, Finesse, Renounce Religion, Stop Flying


You were on level 2 of the Abyss.
You worshipped Okawaru.
Okawaru was extremely pleased with you.
You were very full.

You visited 5 branches of the dungeon, and saw 25 of its levels.
You visited the Abyss 2 times.
You also visited: Ice Cave.

You collected 2270 gold pieces.
You spent 966 gold pieces at shops.

Inventory:

Hand Weapons
 J - a +2 vampiric executioner's axe (weapon)
 W - a +4 executioner's axe of freezing
Armour
 b - a +2 pair of boots of flying (worn)
 j - a +4 plate armour of fire resistance (worn)
 u - a +1 hat of see invisible (worn)
 v - a +2 pair of gloves of archery (worn)
 K - the +2 cloak of the Gardener (worn) {Str+2 Int+3 Dex+3}
   (You found it on level 3 of the Lair of Beasts)

   It affects your strength (+2).
   It affects your intelligence (+3).
   It affects your dexterity (+3).
Jewellery
 a - a +4 ring of evasion (left hand)
 g - a +4 ring of dexterity (right hand)
 C - an amulet of the gourmand (around neck)
 I - an uncursed ring of see invisible
 L - a +3 amulet of reflection
 T - a +3 ring of slaying {unknown}
Wands
 m - a wand of digging (21/24)
 q - a wand of random effects (11/48)
 t - a wand of lightning (6/15)
 x - a wand of iceblast (6/15)
 F - a wand of enslavement (15/24)
 G - a wand of flame (0/48)
 M - a wand of flame (14/48)
 N - a wand of slowing (18/48)
 O - a wand of teleportation (3/9)
 R - a wand of disintegration (13/24)
 S - a wand of enslavement (10/24)
 U - a wand of paralysis (11/24)
 V - a wand of acid (10/15)
 Y - a wand of acid (12/15)
Scrolls
 e - 12 scrolls of remove curse
 i - 4 scrolls of identify
 k - a scroll of silence
 l - a scroll of teleportation
 o - 3 scrolls of recharging
 r - 5 scrolls of fear
 w - 3 scrolls of blinking
 y - 3 scrolls of magic mapping
Potions
 c - 3 potions of brilliance
 d - a potion of might
 h - a potion of magic
 A - a potion of flight
 D - a potion of agility
 H - a potion of curing
 P - 3 potions of lignification
 Q - a potion of resistance
Miscellaneous
 z - a box of beasts
 E - a sack of spiders
Comestibles
 f - 12 bread rations
 n - 2 beef jerkies
 p - 15 fruits
 s - 7 meat rations
 B - a slice of pizza


   Skills:
 * Level 23.0(27) Fighting
 - Level 21.0(26.0) Axes
 + Level 14.6(19.6) Armour
 + Level 11.5(16.5) Dodging
   Level 3.6(8.6) Shields
 + Level 16.0 Invocations


You had 18 spell levels left.
You didn't know any spells.

Dungeon Overview and Level Annotations

Branches:
Dungeon (13/15)            Temple (1/1) D:5            Lair (6/6) D:9
  Swamp (0/4) Lair:3       Spider (0/4) Lair:3        Slime (0/5) Lair:6
    Orc (2/2) D:9             Elf (3/3) Orc:2
 Vaults: D:13-14

Altars:
Ashenzari
Cheibriados
Dithmenos
Elyvilon
Fedhas
Gozag
Hepliaklqana
Kikubaaqudgha
Makhleb
Nemelex Xobeh
Okawaru
Qazlal
Ru
Sif Muna
Trog
Uskayaw
Vehumet
Xom
Yredelemnul
Zin
The Shining One
Beogh
Jiyva

Shops:
D:9 =   Orc:2 *=[(!   Elf:1 ?(}*

Portals:
Trove: D:10 (give 14 scrolls of teleportation)


Innate Abilities, Weirdness & Mutations

You reflexively headbutt those who attack you in melee.
You have a pair of horns on your head.
You have a beak for a mouth.
You are partially covered in yellow scales. (AC +2)
You tend to lose your temper in combat.
You are robust. (+10% HP)


Message History

The ancient lich shouts!
The ancient lich moves out of view.
You feel agile all of a sudden.
The ancient lich mumbles some strange words.
The ancient lich misses you.
You slice the ancient lich!!
You peck the ancient lich, but do no damage.
The ancient lich is lightly damaged.
The ancient lich gestures at you while chanting.
The bolt of cold hits you!
* * * LOW HITPOINT WARNING * * *
The Tzitzimitl calls on the powers of darkness!
Your body is wracked with pain!
* * * LOW HITPOINT WARNING * * *
As you read the scroll of teleportation, it crumbles to dust.
You feel strangely unstable.
You feel the power of the Abyss delaying your translocation!
The ancient lich gestures at you while chanting.
The bolt of cold hits you!
You die...

...#...# ... .
.. .#.
..#.##.#..#.#.
§#. #.##§...#.
.## .## ....#.##
## .###
#.##.#....# ##
....#.#.#§.##..#
##.....#.#...#
#..#...# # #
#....@#...# ..
#.##L#.#..#. #
#. #1#.#....#.##
#......###...##
.. ..#.#. #.## .
.#§ . . # . §§##
.... #. #§## ..


You could see an ancient lich and a Tzitzimitl.

Vanquished Creatures
  A profane servitor (Abyss:2)
  3 bone dragons (Abyss:2)
  A lich (Abyss:2)
  A hellephant (Abyss:2)
  A tentacled monstrosity (Abyss:2)
  3 deep elf blademasters
  3 deep elf master archers (Elf:3)
  3 Executioners (Abyss:2)
  Gastronok (Lair:2)
  A shadow dragon (Abyss:2)
  A draconian monk (Abyss:2)
  6 tentacled starspawn (Abyss:2)
  Donald (Orc:2)
  A revenant (Abyss:2)
  A frost giant (IceCv)
  2 balrugs (Abyss:2)
  9 deep elf sorcerers
  3 deep elf elementalists (Elf:3)
  A draconian scorcher (Abyss:2)
  3 orc warlords
  A draconian shifter (Abyss:2)
  A cacodemon (Abyss:2)
  An ophan (Abyss:2)
  4 deep elf demonologists
  Nessos (Lair:6)
  A lorocyproca (Abyss:2)
  3 deep elf annihilators (Elf:3)
  An eidolon (Abyss:2)
  2 blizzard demons (Abyss:2)
  An ettin (Orc:1)
  A crystal guardian (Abyss:2)
  5 deep elf death magi
  Josephine (Lair:6)
  3 deep elf high priests
  2 great orbs of eyes (Abyss:2)
  4 vault guards
  3 hydras
  2 rakshasas (Abyss:2)
  Erica (Orc:1)
  A catoblepas (Lair:6)
  2 death knights (Abyss:2)
  37 dancing weapons
  A deep troll shaman (Lair:6)
  12 death yaks
  7 hell hogs (Abyss:2)
  2 orc high priests
  3 sun demons (Abyss:2)
  12 thrashing horrors (Abyss:2)
  4 hell knights (Abyss:2)
  15 deep elf knights
  Nergalle (Lair:1)
  14 wretched stars (Abyss:2)
  2 skeletal warriors (Abyss:2)
  7 sixfirhies (Abyss:2)
  2 shadow wraiths (Abyss:2)
  4 spatial maelstroms (Abyss:2)
  2 flayed ghosts (Abyss:2)
  3 unseen horrors
  50 starcursed masses (Abyss:2)
  A golden dragon skeleton (Abyss:2)
  3 hill giants
  A lindwurm (Lair:6)
  2 glowing orange brains (Abyss:2)
  6 deep elf archers (Elf:1)
  A wolf spider zombie (Abyss:2)
  33 large abominations (Abyss:2)
  A mana viper (Abyss:2)
  2 orc knights
  An orb spider (Lair:3)
  5 orc sorcerers
  43 deep elf magi
  2 cyclopes (D:11)
  3 worldbinders (Abyss:2)
  3 manticores (D:11)
  A shining eye (Abyss:2)
  20 elephants
  2 rust devils (Abyss:2)
  2 guardian serpents (Abyss:2)
  Joseph (D:7)
  5 black mambas
  4 orange demons (Abyss:2)
  An ice statue (IceCv)
  3 torpor snails (Lair:5)
  A guardian serpent (shapeshifter) (Elf:2)
  7 smoke demons (Abyss:2)
  3 apocalypse crabs (Abyss:2)
  15 spiny frogs
  A dire elephant skeleton (Abyss:2)
  7 komodo dragons
  An efreet (Abyss:2)
  A kobold demonologist (Abyss:2)
  2 rime drakes
  2 freezing wraiths (Abyss:2)
  A komodo dragon (shapeshifter) (Elf:2)
  A hellwing (Abyss:2)
  A demonic crawler (Abyss:2)
  A queen bee (Lair:3)
  4 red devils (Abyss:2)
  9 ancient zymes (Abyss:2)
  A troll (shapeshifter) (D:13)
  3 hornets
  17 polar bears
  30 small abominations
  2 trolls (D:13)
  A merfolk (shapeshifter) (Abyss:2)
  2 two-headed ogres
  14 blink frogs
  9 hippogriffs
  A black mamba zombie (Abyss:2)
  32 raiju (Abyss:2)
  An air elemental (Elf:2)
  A spriggan (D:13)
  2 shadows
  6 flying skulls (Abyss:2)
  49 yaks
  7 wraiths
  A wyvern (D:8)
  A dire elephant simulacrum (Abyss:2)
  8 ynoxinuls (Abyss:2)
  7 chaos spawn (Abyss:2)
  3 water elementals
  8 fire bats (Abyss:2)
  A golden eye (Abyss:2)
  A basilisk (Lair:5)
  2 fire elementals (Elf:1)
  A hungry ghost (D:11)
  7 spatial vortices (Abyss:2)
  10 neqoxecs (Abyss:2)
  4 wargs
  4 insubstantial wisps (Abyss:2)
  4 hell hounds (Abyss:2)
  A porcupine (Lair:4)
  13 water moccasins
  4 ice beasts
  33 orc warriors
  5 sky beasts
  A phantom (D:10)
  2 black bears
  4 eyes of draining
  16 ogres
  28 wolves
  12 centaurs
  A snapping turtle skeleton (Abyss:2)
  13 crocodiles
  13 bullfrogs
  A big kobold (D:9)
  3 earth elementals
  A wyvern skeleton (D:12)
  2 scorpions
  31 killer bees
  2 electric eels
  14 wights
  2 howler monkeys
  8 crimson imps
  A centaur zombie (D:8)
  A bullfrog zombie (D:12)
  9 quasits
  4 hounds
  49 orc wizards
  36 orc priests
  2 jellies
  A bullfrog skeleton (D:12)
  A centaur skeleton (D:11)
  A gnoll shaman (Orc:1)
  3 iron imps (Abyss:2)
  14 worker ants
  An iguana (D:11)
  A worker ant zombie (D:11)
  10 gnolls
  3 river rats (D:9)
  14 adders
  3 shadow imps
  4 white imps (Abyss:2)
  11 ufetubi (Abyss:2)
  An ooze (D:7)
  3 adder skeletons
  An adder zombie (D:7)
  A worm (D:2)
  2 dart slugs
  150 orcs
  8 bats
  7 giant cockroaches
  3 goblins
  6 hobgoblins
  25 jackals
  8 kobolds
  5 quokkas
  A ball python (D:3)
  6 frilled lizards
  A leopard gecko skeleton (D:8)
  A quokka skeleton (D:7)
  16 rats
  4 crawling corpses (Elf:3)
  8 fungi
  2 lurking horrors (Abyss:2)
  6 plants
  2 starspawn tentacles (Abyss:2)
1354 creatures vanquished.

Vanquished Creatures (others)
  A hell hog (Abyss:2)
  A deep elf knight (Elf:1)
  An efreet (Abyss:2)
  A large abomination (Abyss:2)
  A water elemental (Elf:3)
  A white imp (Abyss:2)
  An orc (Orc:2)
  12 fungi
  A lurking horror (Abyss:2)
  5 plants
  8 starspawn tentacles (Abyss:2)
33 creatures vanquished.

Grand Total: 1387 creatures vanquished

Notes
Turn   | Place    | Note
-------+----------+-------------------------------------------
     0 | D:1      | dngmouse the Minotaur Fighter began the quest for the Orb.
     0 | D:1      | Reached XP level 1. HP: 19/19 MP: 0/0
   106 | D:1      | Reached XP level 2. HP: 14/27 MP: 1/1
   424 | D:1      | Reached skill level 4 in Fighting
   766 | D:2      | Reached XP level 3. HP: 25/33 MP: 2/2
   879 | D:2      | Found an opulent altar of Gozag.
  1082 | D:2      | Found a basalt altar of Yredelemnul.
  1084 | D:2      | Found a hazy altar of Hepliaklqana.
  1387 | D:3      | Found a blossoming altar of Fedhas.
  1551 | D:3      | Reached XP level 4. HP: 34/41 MP: 3/3
  1714 | D:3      | Reached skill level 5 in Axes
  1941 | D:3      | Reached skill level 5 in Fighting
  1941 | D:3      | Reached XP level 5. HP: 42/48 MP: 4/4
  2598 | D:4      | Reached XP level 6. HP: 32/56 MP: 2/5
  3385 | D:4      | Reached XP level 7. HP: 59/61 MP: 6/6
  3544 | D:5      | Entered Level 5 of the Dungeon
  3858 | D:5      | Found a staircase to the Ecumenical Temple.
  3880 | Temple   | Entered the Ecumenical Temple
  3968 | Temple   | Became a worshipper of Warmaster Okawaru
  4446 | D:6      | Noticed a hornet
  4457 | D:6      | Killed a hornet
  4457 | D:6      | Reached * piety under Okawaru
  4457 | D:6      | Reached skill level 10 in Axes
  4796 | D:6      | Reached XP level 8. HP: 67/68 MP: 7/7
  5940 | D:7      | Reached skill level 1 in Invocations
  6193 | D:7      | Found a glowing golden altar of the Shining One.
  6259 | D:7      | Reached skill level 6 in Fighting
  6310 | D:7      | Noticed Joseph
  6323 | D:7      | Killed Joseph
  6323 | D:7      | Reached ** piety under Okawaru
  6323 | D:7      | Reached skill level 7 in Fighting
  6323 | D:7      | Reached XP level 9. HP: 79/79 MP: 8/10
  6739 | D:8      | Reached skill level 8 in Fighting
  7122 | D:8      | Reached skill level 9 in Fighting
  7676 | D:8      | Found a sparkling altar of Nemelex Xobeh.
  7730 | D:9      | Reached *** piety under Okawaru
  7763 | D:9      | Reached skill level 10 in Fighting
  7763 | D:9      | Reached skill level 5 in Invocations
  7829 | D:9      | Reached XP level 10. HP: 16/94 MP: 13/13
  8143 | D:9      | Found a staircase to the Lair.
  8235 | D:9      | Found Qedau's Jewellery Shop.
  8305 | D:9      | Reached skill level 11 in Fighting
  9007 | D:9      | Reached **** piety under Okawaru
  9130 | D:9      | Found a staircase to the Orcish Mines.
  9192 | D:10     | Entered Level 10 of the Dungeon
  9199 | D:10     | Gained mutation: You are partially covered in yellow scales. (AC +2) [potion of mutation]
  9199 | D:10     | Gained mutation: You have a beak for a mouth. [potion of mutation]
  9199 | D:10     | Gained mutation: You are robust. (+10% HP) [potion of mutation]
  9355 | D:10     | Found a portal to a secret trove of treasure.
  9683 | D:10     | Reached skill level 12 in Fighting
  9983 | D:11     | Reached skill level 5 in Armour
 10031 | D:11     | Noticed a manticore
 10031 | D:11     | Noticed a manticore
 10035 | D:11     | Killed a manticore
 10035 | D:11     | Reached ***** piety under Okawaru
 10043 | D:11     | Received a gift from Okawaru
 10050 | D:11     | Killed a manticore
 10050 | D:11     | Reached skill level 13 in Fighting
 10050 | D:11     | Reached XP level 11. HP: 26/117 MP: 13/15
 10509 | D:11     | Noticed a hill giant
 10518 | D:11     | Killed a hill giant
 10586 | D:11     | Noticed a five-headed hydra
 10598 | D:11     | Killed a 12-headed hydra
 11383 | D:11     | Reached skill level 14 in Fighting
 11849 | D:11     | Killed an unseen horror
 11890 | D:11     | Noticed a hill giant
 11904 | D:11     | Killed a hill giant
 12215 | D:12     | Killed an unseen horror
 12523 | D:12     | Received a gift from Okawaru
 12621 | D:13     | Reached skill level 15 in Fighting
 12621 | D:13     | Reached XP level 12. HP: 130/130 MP: 17/17
 12748 | D:13     | Reached skill level 1 in Dodging
 12755 | D:13     | Got a twisted morningstar
 12756 | D:13     | Identified the +2 morningstar of Agiug {crush, rN+} (You found it on level 13 of the Dungeon)
 12844 | D:13     | Noticed a vault guard
 12844 | D:13     | Noticed a vault guard
 12848 | D:13     | Noticed a vault guard
 12852 | D:13     | Noticed a vault guard
 12858 | D:13     | Killed a vault guard
 12861 | D:13     | Noticed a vault guard
 12868 | D:13     | Killed a vault guard
 12869 | D:13     | Killed a vault guard
 12876 | D:13     | Noticed a vault guard
 12879 | D:13     | Noticed a vault guard
 12883 | D:13     | HP: 3/133 [centaur (4)]
 12919 | D:12     | HP: 4/133 [vault guard/war axe (7)]
 12922 | D:12     | Killed a vault guard
 13392 | Orc:1    | Entered Level 1 of the Orcish Mines
 13392 | Orc:1    | Noticed Erica
 13400 | Orc:1    | Killed Erica
 13638 | Orc:2    | Entered Level 2 of the Orcish Mines
 13638 | Orc:2    | Noticed an orc warlord
 13884 | Orc:1    | Reached skill level 16 in Fighting
 13885 | Orc:1    | Killed an orc warlord
 14319 | Orc:2    | Found a roughly hewn altar of Beogh.
 14333 | Orc:2    | Found Ublozoz's Jewellery Shop.
 14353 | Orc:2    | Found a roughly hewn altar of Beogh.
 14421 | Orc:2    | Noticed an orc warlord
 14459 | Orc:1    | Killed an orc warlord
 14459 | Orc:1    | Reached skill level 10 in Armour
 14459 | Orc:1    | Reached skill level 10 in Invocations
 14711 | Orc:2    | Found a roughly hewn altar of Beogh.
 14760 | Orc:2    | Found a roughly hewn altar of Beogh.
 14779 | Orc:2    | Found Dusywn's Distillery.
 14790 | Orc:2    | Bought a potion of cure mutation for 375 gold pieces
 14790 | Orc:2    | Bought 2 potions of agility for 120 gold pieces
 14790 | Orc:2    | Bought 2 potions of might for 120 gold pieces
 14790 | Orc:2    | Bought a potion of agility for 60 gold pieces
 14790 | Orc:2    | Bought a potion of might for 60 gold pieces
 14790 | Orc:2    | Bought a potion of berserk rage for 75 gold pieces
 14934 | Orc:2    | Found a staircase to the Elven Halls.
 15017 | Orc:2    | Reached skill level 5 in Dodging
 15141 | Orc:1    | Noticed an ettin
 15158 | Orc:1    | Reached XP level 13. HP: 134/143 MP: 19/19
 15196 | Orc:1    | Killed an ettin
 15314 | Orc:1    | Found a roughly hewn altar of Beogh.
 15323 | Orc:1    | Received a gift from Okawaru
 15425 | Orc:2    | Noticed Donald
 15462 | Orc:2    | Killed Donald
 15601 | Orc:2    | Found a roughly hewn altar of Beogh.
 15612 | Orc:2    | Paralysed by an orc sorcerer for 3 turns
 15620 | Orc:2    | Found Vyof's General Store.
 15833 | Orc:2    | Found a roughly hewn altar of Beogh.
 15912 | Orc:2    | Noticed an orc warlord
 15936 | Orc:2    | Paralysed by an orc sorcerer for 6 turns
 15962 | Orc:2    | Killed an orc warlord
 15962 | Orc:2    | Reached skill level 17 in Fighting
 16236 | Orc:2    | Received a gift from Okawaru
 16237 | Orc:2    | Got a crude shield {god gift}
 16244 | Orc:2    | Identified the +0 shield of the Endless Expanse {rF+ MR+ rCorr} (Okawaru gifted it to you on level 2 of the Orcish Mines)
 16338 | Orc:2    | Found Esigh's Antique Armour Shoppe.
 16338 | Orc:2    | Found a roughly hewn altar of Beogh.
 16339 | Orc:2    | Found Huynelan's Antique Weapon Emporium.
 16412 | Lair:1   | Entered Level 1 of the Lair of Beasts
 16685 | Lair:1   | Noticed Nergalle
 16704 | Lair:1   | Killed Nergalle
 17138 | Lair:2   | Noticed Gastronok
 17153 | Lair:2   | Killed Gastronok
 18325 | Lair:3   | Found a hole to the Spider Nest.
 18963 | Lair:3   | Found a staircase to the Swamp.
 18966 | Lair:3   | Got a smoking cloak
 18972 | Lair:3   | Identified the +2 cloak of the Gardener {Str+2 Int+3 Dex+3} (You found it on level 3 of the Lair of Beasts)
 19010 | Lair:3   | Reached XP level 14. HP: 130/155 MP: 21/21
 19801 | Lair:4   | Reached skill level 18 in Fighting
 20054 | Lair:4   | Received a gift from Okawaru
 20952 | Lair:5   | Found a frozen archway.
 20973 | IceCv    | Entered an ice cave
 21161 | IceCv    | Reached ****** piety under Okawaru
 21494 | IceCv    | Received a gift from Okawaru
 21712 | IceCv    | Noticed a frost giant
 21725 | IceCv    | Killed a frost giant
 21757 | IceCv    | Got a faintly glowing ring mail
 22021 | Lair:5   | Identified the +2 ring mail "Emevvic" {rElec rN+ Str-4 Int+9} (You found it in an ice cave)
 22122 | Lair:5   | Found a snail-covered altar of Cheibriados.
 22189 | Lair:5   | Received a gift from Okawaru
 22207 | Lair:5   | Reached skill level 19 in Fighting
 22583 | Lair:6   | Entered Level 6 of the Lair of Beasts
 22721 | Lair:6   | Noticed Josephine
 22724 | Lair:6   | Killed Josephine
 22724 | Lair:6   | Reached XP level 15. HP: 99/167 MP: 22/22
 23098 | Lair:6   | Received a gift from Okawaru
 23101 | Lair:6   | Noticed Nessos
 23983 | Lair:6   | Killed Nessos
 24076 | Lair:6   | Found a viscous altar of Jiyva.
 24077 | Lair:6   | Found a staircase to the Slime Pits.
 24248 | Lair:6   | Received a gift from Okawaru
 25135 | Elf:1    | Entered Level 1 of the Elven Halls
 25135 | Elf:1    | Noticed a deep elf sorcerer
 25144 | Elf:1    | Killed a deep elf sorcerer
 25529 | Elf:1    | Noticed a deep elf sorcerer
 25546 | Elf:1    | Killed a deep elf sorcerer
 25553 | Elf:1    | Received a gift from Okawaru
 25744 | Elf:1    | Noticed a Hell Sentinel
 26115 | Elf:1    | Reached skill level 15 in Axes
 26126 | Elf:1    | Reached skill level 10 in Dodging
 26951 | Elf:1    | Found Casaonk's Gadget Shop.
 26951 | Elf:1    | Found Vaiwogom's Antique Weapon Boutique.
 26952 | Elf:1    | Found Rujovan's Assorted Antiques.
 26956 | Elf:1    | Found Qinog's Magic Scroll Boutique.
 26967 | Elf:1    | Bought a scroll of magic mapping for 42 gold pieces
 26967 | Elf:1    | Bought a scroll of recharging for 114 gold pieces
 27124 | Elf:1    | Reached XP level 16. HP: 158/178 MP: 24/24
 27516 | Elf:2    | Received a gift from Okawaru
 27517 | Elf:2    | Got an ebony rapier {god gift}
 27632 | Elf:2    | Reached skill level 20 in Fighting
 27953 | Elf:2    | Found a runed gate.
 27953 | Elf:2    | Found a runed gate.
 27954 | Elf:2    | Found a runed gate.
 28836 | Elf:2    | Received a gift from Okawaru
 29151 | Elf:2    | Noticed a deep elf blademaster
 29162 | Elf:2    | Killed a deep elf blademaster
 29773 | Elf:3    | Entered Level 3 of the Elven Halls
 29814 | Elf:3    | Noticed a deep elf master archer
 29817 | Elf:3    | Noticed a deep elf blademaster
 29819 | Elf:3    | Noticed a deep elf master archer
 29825 | Elf:3    | Killed a deep elf blademaster
 29827 | Elf:3    | Received a gift from Okawaru
 29833 | Elf:3    | Noticed a deep elf blademaster
 29833 | Elf:3    | Reached XP level 17. HP: 157/189 MP: 20/26
 29837 | Elf:3    | Killed a deep elf master archer
 29840 | Elf:3    | Noticed a deep elf master archer
 29846 | Elf:3    | Killed a deep elf blademaster
 29855 | Elf:3    | Killed a deep elf master archer
 29860 | Elf:3    | Killed a deep elf master archer
 29860 | Elf:3    | Received a gift from Okawaru
 29863 | Elf:3    | Cast into level 2 of the Abyss (a deep elf sorcerer)
 29863 | Abyss:2  | Found a corrupted altar of Lugonu.
 29968 | Abyss:2  | Reached skill level 21 in Fighting
 30231 | Elf:3    | Escaped the Abyss
 30259 | Elf:3    | Noticed a deep elf master archer
 30265 | Elf:3    | HP: 6/190 [deep elf mage/bolt of lightning (7)]
 30268 | Elf:3    | Cast into level 2 of the Abyss (deep elf archer)
 31457 | Abyss:2  | Received a gift from Okawaru
 31624 | Abyss:2  | Reached XP level 18. HP: 119/200 MP: 12/28
 31764 | Abyss:2  | Paralysed by accursed screaming for 1 turns
 32389 | Abyss:2  | Noticed a profane servitor
 32404 | Abyss:2  | Killed a profane servitor
 32576 | Abyss:2  | Reached skill level 15 in Invocations
 32789 | Abyss:2  | Received a gift from Okawaru
 33363 | Abyss:2  | Noticed a lich
 33374 | Abyss:2  | Killed a lich
 33496 | Abyss:2  | Reached skill level 22 in Fighting
 34121 | Abyss:2  | Reached XP level 19. HP: 40/212 MP: 23/23
 34129 | Abyss:2  | Noticed a bone dragon
 34146 | Abyss:2  | Noticed a bone dragon
 34146 | Abyss:2  | Killed a bone dragon
 34168 | Abyss:2  | Killed a bone dragon
 34390 | Abyss:2  | Gained mutation: You tend to lose your temper in combat. [a cacodemon]
 34402 | Abyss:2  | Received a gift from Okawaru
 34505 | Abyss:2  | Noticed a bone dragon
 34520 | Abyss:2  | Killed a bone dragon
 34688 | Abyss:2  | Found a burning altar of Makhleb.
 34706 | Abyss:2  | Found a corrupted altar of Lugonu.
 34757 | Abyss:2  | Noticed a hellephant
 34773 | Abyss:2  | Killed a hellephant
 34773 | Abyss:2  | Reached skill level 23 in Fighting
 34832 | Abyss:2  | Noticed an ancient lich
 34834 | Abyss:2  | Noticed a Tzitzimitl
 34836 | Abyss:2  | Killed from afar by an ancient lich

Skill      XL: |  1  2  3  4  5  6  7  8  9 10 11 12 13 14 15 16 17 18 19 |
---------------+----------------------------------------------------------+-----
Axes           | 3 4 5 6 8 10 12 13 15 18 19 21 | 21.0
Fighting       | 4 5 7 10 13 15 16 17 19 20 21 22 23 | 23.0
Invocations    | 2 5 7 9 10 11 12 13 14 15 16 | 16.0
Armour         | 6 8 10 11 12 13 14 | 14.6
Dodging        | 5 7 9 10 11 | 11.5
Shields        | |  3.6

Action                   |  1- 3 |  4- 6 |  7- 9 | 10-12 | 13-15 | 16-18 | 19-21 || total
-------------------------+-------+-------+-------+-------+-------+-------+-------++-------
Melee: War axe           |   176 |   110 |   414 |   677 |   112 |       |       ||  1489
       Headbutt          |    28 |    13 |    76 |   172 |   350 |   249 |    88 ||   976
       Peck              |       |       |       |   156 |   314 |   232 |    84 ||   786
       Battleaxe         |       |       |       |       |   667 |       |       ||   667
       Executioner's axe |       |       |       |       |   214 |   844 |   244 ||  1302
Invok: Heroism           |       |       |     5 |    10 |    10 |    26 |     6 ||    57
       Finesse           |       |       |       |     4 |     5 |    18 |     5 ||    32
Evoke: Wand              |       |       |       |       |    10 |     5 |     1 ||    16
  Use: Potion            |       |       |     2 |    10 |     3 |    20 |     4 ||    39
       Scroll            |       |       |       |    20 |    15 |     5 |     1 ||    41
 Stab: Distracted        |       |       |       |       |     2 |     2 |       ||     4
  Eat: Chunk             |     2 |     5 |    24 |    35 |    39 |    23 |     3 ||   131
       Fruit             |       |       |       |       |       |       |     4 ||     4
Armor: Scale mail        |    19 |       |       |       |       |       |       ||    19
       Gold dragon scale |    98 |    87 |   247 |   431 |       |       |       ||   863
       Plate armour      |       |       |       |    33 |   659 |   323 |    81 ||  1096
Dodge: Dodged            |    16 |    12 |    45 |   162 |   746 |   630 |   172 ||  1783
Block: Shield            |    93 |    10 |       |       |     3 |       |       ||   106
       Buckler           |       |    21 |    75 |   180 |    21 |       |       ||   297
